 Dungeon Crawl Stone Soup version 0.27-a0-1359-ga2a4dfd6fd (webtiles) character file.

Game seed: 13387219884066851392

62 dickylongcocking the Magician (level 4, -1/31 HPs)
             Began as a Djinni Fire Elementalist on June 28, 2021.
             Killed by an exploding gnoll (10 damage)
             ... ignited by their inner flame
             ... on level 2 of the Dungeon.
             The game lasted 00:01:14 (3114 turns).

dickylongcocking the Magician (DjFE)                Turns: 3114, Time: 00:01:14

Health: -1/31      AC:  2    Str:  7    XL:     4   Next: 28%
Gold:   40         EV: 12    Int: 18    God:
                   SH:  0    Dex: 13

rFire    + + .     SeeInvis .   b - +0 short sword
rCold    x . .     Faith    .   (no shield)
rNeg     . . .     Spirit   .   a - +0 robe
rPois    ∞         Reflect  .   (no helmet)
rElec    .         Harm     .   (no cloak)
rCorr    .         Rampage  .   (no gloves)
Will     .....                  (boots unavailable)
Stlth    ++........             (no amulet)
HPRegen  0.10/turn              (no ring)
MPRegen  0.00/turn              (no ring)

@: flying
A: sickness immunity, fire resistance 2, cold vulnerability 1, float, innate
caster, hp casting, extra vitality 1
a: no special abilities


You were on level 2 of the Dungeon.
You visited 1 branch of the dungeon, and saw 2 of its levels.

You collected 40 gold pieces.

Inventory:

Hand Weapons
 b - a +0 short sword (weapon)
Armour
 a - a +0 robe (worn)
Scrolls
 c - a scroll of holy word {unknown}
 d - a scroll of teleportation {unknown}
 e - a scroll of identify {unknown}
Potions
 f - a potion of haste {unknown}


   Skills:
 + Level 2.4 Dodging
 + Level 1.9 Stealth
 + Level 3.5 Spellcasting


You couldn't memorise any spells.
You knew the following spells:

 Your Spells              Type           Power      Damage    Failure   Level
a - Foxfire               Conj/Fire      60%        2x1d7     3%          1
b - Conjure Flame         Conj/Fire      15%        6-21      11%         3
c - Inner Flame           Hex/Fire       15%        N/A       11%         3
d - Sticky Flame          Conj/Fire      15%        2d4       34%         4
e - Fireball              Conj/Fire      7%         3d5       69%         5
f - Shock                 Conj/Air       60%        1d6       3%          1
Your spell library was empty.

Dungeon Overview and Level Annotations

Branches:
Dungeon (2/15)

Altars:


Innate Abilities, Weirdness & Mutations

You are immune to sickness and miasma.
You are immune to poison.
Your flesh is very heat resistant. (rF++)
You are vulnerable to cold. (rC-)
You float through the air rather than walking.
You learn spells naturally, not from books.
Your magical power is your life essence.
You have superior vitality. (+4 HP)


Message History

You are too injured to fight recklessly!
You are too injured to fight recklessly!
There are monsters nearby!
You are too injured to fight recklessly!
There are monsters nearby!
You are too injured to fight recklessly!
You are too injured to fight recklessly!
There are monsters nearby!
You are too injured to fight recklessly!
Your foxfire dissipates!
The foxfire hits the gnoll.
The gnoll is moderately wounded.
Your magical contamination has completely faded away.
Casting: Foxfire (safe; 3% risk of failure)
Confirm with . or Enter, or press ? or * to list all spells.
The spell is quite dangerous to cast (11% risk of failure)!
Continue anyway?
Aiming: Inner Flame (quite dangerous; 11% risk of failure)
Press: ? - help, Shift-Dir - straight line, f - gnoll
Aim: a gnoll, wielding a +0 flail (moderately wounded, chance to affect: 77%)
The gnoll is filled with an inner flame.
The gnoll barely misses you.
Unknown command.
Unknown command.
Casting: Inner Flame (quite dangerous; 11% risk of failure)
Confirm with . or Enter, or press ? or * to list all spells.
The spell is extremely dangerous to cast (34% risk of failure)!
Continue anyway?
Aiming: Sticky Flame (extremely dangerous; 34% risk of failure)
Press: ? - help, Shift-Dir - straight line, f/p - gnoll
Aim: a gnoll, wielding a +0 flail (moderately wounded, inner flame, 100% to hit)
The sticky flame hits the gnoll.
Flame seeps out of the gnoll.
The gnoll is moderately wounded.
The gnoll is covered in liquid flames!
* * * LOW HITPOINT WARNING * * *
The gnoll burns!
Flame seeps out of the gnoll.
The gnoll is engulfed in blazing flames.
The gnoll explodes!
The fiery explosion engulfs the gnoll!!!
You kill the gnoll!
The fiery explosion engulfs you! You resist.
You die...

#.###.# #....# #.....#
#.##.# #.....# #.##.#
#.....# #.##.# #.....#
####.##.#
#.....#######....####
#.###......##....÷...
#.#.###g###......##...#####
#.......)○@......##...# #
###.###.############### ##
..... ... #......# .##
#...#?## ... #.#.#.. ...
#....... ##### ##.


You could see a gnoll.

Vanquished Creatures
  2 gnolls (D:2)
  An adder (D:2)
  A worm (D:2)
  3 dart slugs (D:1)
  5 ball pythons
  2 endoplasms (D:1)
  4 giant cockroaches (D:1)
  3 hobgoblins
  3 quokkas
  3 bats
  A frilled lizard (D:2)
  8 goblins
  4 kobolds
  A rat (D:1)
41 creatures vanquished.

Vanquished Creatures (others)
  143 foxfires
143 creatures vanquished.

Grand Total: 184 creatures vanquished

Notes
Turn   | Place    | Note
-------+----------+-------------------------------------------
     0 | D:1      | dickylongcocking the Djinni Fire Elementalist began the
                  | quest for the Orb.
     0 | D:1      | Reached XP level 1. HP: 15/15 MP: 0/0
   762 | D:1      | Reached XP level 2. HP: 14/21 MP: 0/0
  1362 | D:1      | Reached skill level 3 in Spellcasting
  1362 | D:1      | Reached XP level 3. HP: 22/25 MP: 0/0
  1362 | D:1      | Learned a level 1 spell: Shock
  1645 | D:1      | Found a faded altar of an unknown god.
  2230 | D:2      | Reached XP level 4. HP: 7/31 MP: 0/0
  3114 | D:2      | Killed by an exploding gnoll... ignited by their inner
                  | flame

Illustrated notes

Levels and vault maps discovered:
D:1:      giann_wishing_wells, layout_loops_corners, basic_ecumenical_altar
D:2:      layout_basic, skrybe_limestone_x

Skill      XL: |  1  2 |
---------------+-------+-----
Spellcasting   | 3 |  3.5
Dodging        | |  2.4
Stealth        | |  1.9

Action                   |  1- 3 |  4- 6 || total
-------------------------+-------+-------++-------
Melee: Unarmed           |     9 |       ||     9
       Short sword       |    12 |     8 ||    20
 Cast: Foxfire           |    76 |    23 ||    99
       Sticky Flame      |       |     1 ||     1
       Inner Flame       |       |     1 ||     1
Armor: Robe              |    10 |     1 ||    11
Dodge: Dodged            |    28 |    11 ||    39

Table legend: (Time is in decaauts)
 A = Elapsed time spent in this place.
 B = Non-inter-level travel time spent in this place.
 C = Inter-level travel time spent in this place.
 D = Time resting spent in this place.
 E = Time spent auto-exploring this place.
 F = Levels seen in this place.
 G = Mean time per level.
                   A        B        C        D        E       F      G
               +--------+--------+--------+--------+--------+-----+--------+
         Total |   3116 |   3095 |     21 |    289 |   2526 |   2 | 1558.0 |
       Dungeon |   3116 |   3095 |     21 |    289 |   2526 |   2 | 1558.0 |
               +--------+--------+--------+--------+--------+-----+--------+

Top non-repeatable levels by time:
     D:1: 2418 daAuts
     D:2: 698 daAuts
